Map: Kairos Junction LE

Players

Cuchulain - Winner!

  • Race: Terran Terran
  • League: Platinum
  • Spawn Location: 5:00

SandboX

  • Race: Zerg Zerg
  • League: Gold
  • Spawn Location: 11:00

VOD

Have the link to the VOD?

Description

Time

  • Played on: Aug. 14, 2019, 8:31 p.m.
  • Length: 15:00
Show
View Real Time Build Order
Export as new Build Order

Cuchulain Terran - Winner!

Build Orders: Command Center First (CC), Liberator Opening 

Get SALT Encoding   

  12  0:01  SCV  
  13  0:13  SCV  
  14  0:17  Supply Depot  
  14  0:25  SCV  
  15  0:33  Refinery  
  15  0:39  SCV  
  16  0:51  SCV  
  17  1:03  SCV  
  18  1:16  Command Center  
  18  1:17  SCV  
  19  1:29  SCV  
  20  1:41  SCV  
  20  1:44  Barracks  
  21  1:53  SCV  
  22  1:55  Supply Depot  
  22  2:05  SCV  
  23  2:13  Supply Depot  
  23  2:14  Refinery  
  23  2:17  SCV  
  25  2:30  SCV x2  
  25  2:35  Supply Depot  
  26  2:37  Factory  
  26  2:46  Orbital Command  
  26  2:50  SCV  
  27  2:54  Marine  
  28  3:02  SCV  
  28  3:04  Supply Depot  
  29  3:09  Supply Depot  
  29  3:13  SCV  
  30  3:22  Starport  
  30  3:25  SCV  
  32  3:28  Barracks  
  32  3:30  Orbital Command  
  32  3:34  Marine  
  32  3:42  SCV  
  32  3:45  Liberator  
  32  3:46  Widow Mine  
  35  3:51  Marine  
  35  3:54  SCV  
  37  3:59  SCV  
  38  4:06  SCV  
  43  4:11  SCV  
  43  4:14  Fusion Core  
  44  4:18  SCV  
  44  4:20  Barracks Tech Lab  
  44  4:23  SCV  
  46  4:27  Barracks Reactor  
  46  4:28  Liberator  
  46  4:30  SCV  
  46  4:35  SCV  
  47  4:39  Barracks x2  
  47  4:42  SCV  
  48  4:47  Widow Mine, SCV  
  48  4:51  Marauder  
  56  4:55  Refinery  
  56  5:00  SCV x2  
  56  5:02  Refinery  
  56  5:05  Marine x2  
  60  5:08  Widow Mine  
  60  5:09  Stimpack  
  60  5:12  SCV x2, Marine  
  65  5:24  SCV x2  
  67  5:28  Starport Tech Lab  
  67  5:36  SCV x2  
  67  5:42  Marine x3, Marauder  
  72  5:43  Marine  
  75  5:56  Supply Depot  
  75  6:00  Marine x2  
  75  6:01  SCV  
  78  6:06  Supply Depot  
  78  6:10  Supply Depot  
  78  6:11  Command Center  
  78  6:15  Engineering Bay  
  78  6:17  Battlecruiser, SCV  
  86  6:27  Marine  
  86  6:28  Barracks Reactor, SCV, Marauder  
  86  6:29  Barracks Reactor, SCV  
  90  6:38  Barracks  
  90  6:42  Engineering Bay, SCV, Starport  
  90  6:43  SCV  
  92  7:02  Marine x2, Marauder  
  92  7:08  Marine x4  
  98  7:09  Combat Shield  
  98  7:20  Marine x2  
  100  7:24  Marauder  
  100  7:26  Marine x3  
  100  7:28  Barracks  
  105  7:31  Marine  
  105  7:32  Marine  
  107  7:38  Marine x2  
  107  7:43  Marine x2  
  107  7:44  Marine  
  108  7:45  Marauder  
  108  7:49  Marine x2  
  113  7:51  SCV x3  
  113  7:56  Marine x2  
  111  8:01  Marine x2  
  111  8:02  Marine  
  111  8:03  SCV  
  112  8:06  Marauder  
  112  8:07  Marine x2  
  116  8:13  Marine  
  117  8:22  Marine x4  
  117  8:25  Marine x2  
  117  8:42  Supply Depot  
  117  8:45  Orbital Command  
  117  8:47  Supply Depot  
  117  8:55  Terran Infantry Weapons Level 1  
  117  8:56  Terran Infantry Armor Level 1  
  117  9:00  Armory  
  117  9:03  Marine x3  
  117  9:04  SCV, Marine x2, Marauder  
  117  9:07  Supply Depot  
  117  9:09  Marine x2  
  114  9:17  Starport Reactor  
  114  9:21  Marine  
  111  9:25  Marauder  
  111  9:31  Supply Depot  
  84  9:36  Marine x3  
  70  9:46  Barracks  
  70  9:47  Marauder  
  70  9:48  Barracks  
  70  9:49  Barracks  
  60  10:00  Marine x3  
  60  10:03  Banshee  
  63  10:08  Marauder  
  63  10:11  SCV  
  38  10:23  SCV  
  36  10:35  SCV  
  33  10:46  Banshee  
  33  10:48  SCV  
  33  10:49  Marine x3  
  32  10:50  Marine x3  
  32  10:59  Marine  
  32  11:07  Marine x2  
  32  11:08  Marine x3  
  37  11:26  Marine  
  37  11:28  Marine x2  
  37  11:29  Marine x4  
  44  11:40  Marine x2  
  44  11:43  Marine  
  44  11:46  Marine x2  
  44  11:47  Marine  
  42  11:58  Marine x2  
  38  12:01  Marine  
  30  12:16  Marine x2  
  30  12:19  Marine  
  32  12:26  SCV  
  33  12:34  Marine x2  
  35  12:37  Marine  
  35  12:38  SCV  
  37  12:51  SCV  
  38  12:52  Marine x4  
  38  12:55  Marine  
  43  13:03  SCV  
  44  13:09  Marine  
  44  13:10  Marine x3  
  48  13:12  Marine  
  49  13:27  Marine x2  
  49  13:28  Marine x2  
  49  13:30  Marine  
  54  13:45  Marine x3  
  54  13:46  Marine  
  54  13:47  SCV  
  59  13:48  Marine  
  54  13:59  SCV  
  55  14:03  Marine x4  
  55  14:06  Marine  
  60  14:21  Marine x4  
  60  14:24  Marine  
  44  14:38  Marine  
  44  14:39  Marine  
  44  14:42  Marine  
Show
View Real Time Build Order
Export as new Build Order

SandboX Zerg 

Build Orders: Hatch First 

Get SALT Encoding   

  12  0:01  Drone  
  13  0:13  Overlord  
  13  0:20  Drone  
  14  0:32  Drone x2  
  16  0:35  Drone  
  17  0:57  Hatchery  
  17  1:02  Drone  
  17  1:03  Drone  
  18  1:05  Extractor  
  17  1:20  Spawning Pool  
  17  1:23  Drone  
  17  1:26  Drone  
  17  1:30  Drone  
  19  1:40  Overlord  
  19  1:53  Drone  
  20  2:07  Zergling x2  
  21  2:09  Zergling x2  
  21  2:10  Queen x2  
  26  2:24  Metabolic Boost  
  26  2:29  Drone x3  
  29  2:38  Drone x2  
  31  3:01  Hatchery  
  31  3:03  Drone x4  
  34  3:06  Overlord  
  34  3:14  Drone  
  34  3:19  Overlord x2  
  35  3:28  Drone x2  
  39  3:48  Drone x6  
  43  3:58  Roach Warren  
  43  4:02  Extractor  
  41  4:09  Extractor  
  40  4:13  Queen  
  40  4:16  Drone  
  40  4:17  Drone x9  
  52  4:33  Drone x7  
  59  4:38  Lair  
  59  4:46  Evolution Chamber  
  59  4:47  Evolution Chamber  
  59  4:48  Drone x5  
  62  4:58  Extractor  
  61  5:10  Drone x5  
  61  5:11  Overlord x3  
  66  5:14  Zerg Ground Armor Level 1, Zerg Missile Weapons Level 1  
  66  5:22  Extractor  
  66  5:25  Extractor  
  64  5:35  Glial Reconstitution  
  64  5:41  Hydralisk Den  
  63  5:43  Roach x12  
  63  5:46  Overlord  
  63  5:47  Overlord  
  87  6:12  Muscular Augments  
  87  6:20  Roach x9  
  87  6:22  Overlord x4  
  87  6:23  Overlord  
  105  6:41  Spore Crawler  
  105  6:42  Spore Crawler  
  105  6:45  Spore Crawler  
  102  6:49  Roach x9  
  102  6:52  Overlord  
  120  6:55  Overlord  
  120  7:14  Roach x4  
  126  7:24  Hatchery  
  114  7:42  Overseer  
  114  7:43  Overseer  
  110  7:46  Hydralisk x8  
  117  8:02  Hydralisk x4  
  118  8:18  Hydralisk x3  
  121  8:37  Drone x3  
  121  8:38  Drone x5  
  129  8:49  Queen  
  131  8:59  Overseer  
  108  9:37  Roach x13  
  81  10:13  Roach x4  
  73  10:34  Drone  
  73  10:35  Drone x2  
  59  12:06  Drone x3  
  53  12:39  Drone  
  54  13:34  Extractor  
Tags
 
Add a new tag
Caveats
  • Supply blocks, unpowered buildings, or Contaminate may cause inaccurate times.
  • Supply counts are checked every 10 seconds.